 Dungeon Crawl Stone Soup version 0.25.0-3-gd7cc5688da (webtiles) character file.

Game seed: 3342701041232677789

18 grindst0ne the Ruffian (level 2, -3/24 (26) HPs)
             Began as a Ghoul Monk on June 15, 2020.
             Engulfed by a cloud of flame (27 damage)
             ... on level 1 of the Dungeon.
             The game lasted 00:01:02 (726 turns).

grindst0ne the Ruffian (Ghoul Monk)                  Turns: 726, Time: 00:01:03

HP:   -3/24 (26)    AC:  3    Str: 14    XL:     2   Next: 70%
MP:   1/1           EV: 12    Int:  5    God:
Gold: 62            SH:  0    Dex: 11    Spells: 1/1 levels left

rFire    . . .     SeeInvis .     - Unarmed
rCold    + . .     Gourm    .   (no shield)
rNeg     + + +     Faith    .   c - +0 leather armour
rPois    ∞         Spirit   .   (no helmet)
rElec    .         Reflect  .   (no cloak)
rCorr    .         Harm     .   (no gloves)
MR       .....                  (no boots)
Stlth    ++........             (no amulet)
HPRegen  0.00/turn              (no ring)
MPRegen  0.07/turn              (no ring)

@: rotting
A: rotting body, claws 1, carnivore, cold resistance 1, negative energy
resistance 3, inhibited regeneration, torment resistance, unbreathing
a: no special abilities


You were on level 1 of the Dungeon.
You were not hungry.

You visited 1 branch of the dungeon, and saw 1 of its levels.

You collected 62 gold pieces.

Inventory:

Armour
 c - a +0 leather armour (worn)
Scrolls
 f - 3 scrolls of identify {unknown}
 g - a scroll of magic mapping {unknown}
 h - a scroll of amnesia {unknown}
Potions
 a - a potion of lignification {unknown}
 d - 3 potions of curing {unknown}
 e - a potion of ambrosia {unknown}
Comestibles
 b - 3 rations


   Skills:
 + Level 3.6 Fighting
 + Level 1.0 Armour
 - Level 2.6 Dodging
 - Level 2.1 Stealth
 + Level 3.6 Unarmed Combat


You had one spell level left.
You didn't know any spells.
Your spell library was empty.

Dungeon Overview and Level Annotations

Branches:
Dungeon (1/15)

Altars:


Innate Abilities, Weirdness & Mutations

Your body is rotting away.
You thrive on raw meat.
You are immune to poison.
You have sharp fingernails.
You are carnivorous and can eat meat at any time.
Your flesh is cold resistant. (rC+)
You are immune to negative energy. (rN+++)
You do not regenerate when monsters are visible.
You are immune to unholy pain and torment.
You can survive without breathing.


Message History

There is an open door here.
You see here a short sword.
Found a robe.
You see here a short sword.
There is an open door here.
There is an open door here.
There is an open door here.
As you open the door, it creaks loudly!
There is an open door here.
The frilled lizard is too close now for your liking.
A frilled lizard is nearby!
The frilled lizard hisses angrily.
Things that are here:
a ration; 3 scrolls labeled SUXI PEIPSALU
f - 3 scrolls labeled SUXI PEIPSALU;
b - 3 rations (gained 1)
You feel your flesh rotting away.
Really walk into a travel-excluded area?
You are engulfed in blazing flames.
Ouch! That really hurt!
You die...

#>).......# #.#######'
###.......#####...#####.##
#.
####........○.§../[.§○°...#
#.
#..'........§.☼.(.).§°§...#
#.
#.##........☼☼○..!?.☼§○.#.##
#.
#.##.....(.#####$l.######..#
#. #.##.......# #○§§# ##.#
#. #(##.......# #☼☼○# #.##
#. #.########## #@§°# #..#
#. #.# #...# ##.# #. #.#
#..## #.# #. #.# #.## #.##
#. #.##### #.# #..# #.
#.....# #.# ##.###. #####.#
#.######### #..##. ##..#.#
#.........# ##.##. ....#.#
#......##.####..#'


You could see a frilled lizard.

Vanquished Creatures
  A dart slug (D:1)
  3 bats (D:1)
  4 goblins (D:1)
  3 hobgoblins (D:1)
  2 jackals (D:1)
  A rat (D:1)
14 creatures vanquished.

Notes
Turn   | Place    | Note
-------+----------+-------------------------------------------
     0 | D:1      | grindst0ne the Ghoul Monk began the quest for the Orb.
     0 | D:1      | Reached XP level 1. HP: 19/19 MP: 0/0
   155 | D:1      | Reached XP level 2. HP: 20/26 MP: 1/1
   460 | D:1      | Reached skill level 1 in Armour
   726 | D:1      | Engulfed by a cloud of flame

Illustrated notes

Levels and vault maps discovered:
D:1:      dpeg_arrival_fog, layout_basic, lemuel_flame_loot_1

Skill      XL: |  1  2 |
---------------+-------+-----
Armour         | 1 |  1.0
Fighting       | |  3.6
Dodging        | |  2.6
Stealth        | |  2.1
Unarmed Combat | |  3.6

Action                   || total
-------------------------++-------
Melee: Unarmed           ||    39
 Stab: Sleeping          ||     2
Armor: Leather armour    ||    10
Dodge: Dodged            ||    24
